[Event "21st Bangkok CC Open 2024"]
[Site "Bangkok"]
[Date "2024.04.15"]
[Round "3.2"]
[White "Pranesh M"]
[Black "Ritviz, Parab"]
[Result "1/2-1/2"]
[ECO "B28"]
[WhiteElo "2538"]
[BlackElo "2346"]
[Annotator "TA"]
[PlyCount "62"]
[EventDate "2024.04.13"]
[EventType "swiss"]
[EventCountry "THA"]
[SourceTitle "playchess.com"]
[Source "ChessBase"]
[SourceQuality "1"]
[TimeControl "40/5400+30:1800+30"]

1. e4 c5 2. Nf3 a6 3. c4 Nc6 4. d4 cxd4 5. Nxd4 Nf6 6. Nc3 e5 7. Nf5 d5 8. cxd5 (8. Nxd5 Nxd5 (8... Nxe4 9. Nfe3 $17) 9. cxd5 Bxf5 10. exf5 Bb4+ 11. Bd2 Qxd5 12. Bxb4 Qe4+ (12... Nxb4 13. Qxd5 Nxd5 14. O-O-O $11) 13. Be2 Qxb4+ (13... Nxb4 14. O-O $11) 14. Qd2 Qxd2+ 15. Kxd2 Ke7 $15) 8... Nxe4 9. Nxg7+ (9. Nxe4 Bxf5 10. Ng3 Nd4 11. Nxf5 Bb4+ 12. Bd2 Bxd2+ 13. Qxd2 Nxf5 $15) 9... Bxg7 {[%emt 0:00:07] White is slightly better.} 10. Nxe4 Nd4 11. Nc3 O-O 12. Bd3 f5 13. Be3 f4 14. Bxd4 exd4 {[%emt 0:00:06] [#]} 15. Qh5 $1 h6 (15... dxc3 16. Bxh7+ Kh8 17. Bg6+) 16. Ne4 Qa5+ $1 17. Ke2 Bf5 {[%emt 0:02:22][%cal Oa8e8] White must now prevent ...Rae8!} 18. f3 Rae8 19. Rhc1 Re5 (19... Qxd5 $2 20. Bc4 $18) 20. Qh4 $1 Kh8 (20... Qxd5 $2 21. Bc4 $18) (20... Bxe4 $1 $11 21. fxe4 Rg5) 21. Kf1 $16 Qxd5 22. Qf2 {[%emt 0:06:16] White is more active.} Bxe4 23. Bxe4 Qb5+ 24. Qe2 {[%emt 0:00:46] The position is equal.} (24. Kg1 {looks sharper.} d3 25. Rc7 Qa4 26. Kf1) 24... Qxe2+ 25. Kxe2 d3+ 26. Kxd3 Rg5 27. Rab1 (27. Bxb7 $2 {perishes.} Rd8+ (27... Rxg2 28. Rc8 $11) (27... Bxb2 $2 28. Rd1 $19) 28. Ke2 (28. Kc4 $2 Rd4+ 29. Kb3 Rb5+ 30. Kc2 Rxb7 $19) 28... Bxb2 $19 (28... Rxg2+ $2 29. Kf1 $19)) 27... Rd8+ 28. Kc4 Rd4+ 29. Kb3 {[%emt 0:00:04] [#] Rc8+ is the strong threat.} Rb5+ 30. Kc2 $1 Rc5+ 31. Kb3 Rb5+ {[%emt 0:00:09] Weighted Error Value: White=0.05 (flawless) /Black=0.06 (flawless) .  Mistake:       	---       	Black=1      Inaccurate:     	White=2     	---        OK:         	White=10    	Black=13     Best:        	White=2     	Black=3      Strong:       	White=3     	Black=1} 1/2-1/2

[Event "21st Bangkok CC Open 2024"]
[Site "Bangkok"]
[Date "2024.04.15"]
[Round "3.3"]
[White "Peng, Xiongjian"]
[Black "Subhayan Kundu"]
[Result "0-1"]
[ECO "E11"]
[WhiteElo "2521"]
[BlackElo "2341"]
[Annotator "TA"]
[PlyCount "100"]
[EventDate "2024.04.13"]
[EventType "swiss"]
[EventCountry "THA"]
[SourceTitle "playchess.com"]
[Source "ChessBase"]
[SourceQuality "1"]
[TimeControl "40/5400+30:1800+30"]

1. d4 Nf6 2. Nf3 e6 3. c4 Bb4+ 4. Bd2 Qe7 5. e3 b6 6. Nc3 Bxc3 7. Bxc3 Ne4 8. Rc1 Bb7 {[%emt 0:02:26] The position is equal.} 9. Bd3 d6 10. Bxe4 Bxe4 11. d5 Nd7 12. Nd2 (12. Bxg7 $2 {perishes.} Rg8 13. Bc3 exd5 $19 (13... Rxg2 14. Nd2 $19)) (12. O-O $11 {keeps the balance.}) 12... exd5 $17 (12... Bxg2 $2 13. Rg1 $18) 13. Qg4 (13. Bxg7 $2 {too greedy.} Rg8 14. Nxe4 Qxe4 $19) 13... f6 14. O-O O-O 15. b4 a5 16. a3 axb4 17. axb4 Bd3 18. Rfd1 dxc4 19. Nxc4 Bg6 20. Qd4 Qe4 21. Qxe4 Bxe4 22. f3 Bf5 23. e4 Be6 24. Ne3 Ra7 25. Bd4 Kf7 26. f4 Ke7 27. Nd5+ Kd8 ({Black should try} 27... Bxd5 $17 28. exd5 Re8) 28. Ra1 (28. Nc3 $11) 28... Rxa1 {[%emt 0:00:07] White is on the road to losing.} 29. Rxa1 Kc8 30. Kf2 Kb7 31. f5 (31. Ne3 $17) 31... Bf7 (31... Bxd5 $19 32. exd5 Re8) 32. Nf4 Re8 33. Kf3 c5 34. bxc5 (34. Bc3 {was worth a try.}) 34... dxc5 $19 35. Bb2 b5 36. g4 c4 37. g5 $2 {[%emt 0:07:06] [#]} (37. Bc3) 37... fxg5 38. Rg1 h6 39. h4 b4 (39... gxh4 40. Rxg7 Rf8 41. e5 $18) 40. hxg5 hxg5 41. Rxg5 c3 42. Ba1 Ne5+ 43. Ke3 Ra8 44. Rg1 Kb6 45. Nd3 Nxd3 46. Kxd3 (46. Bxc3 bxc3 47. Kxd3) 46... Kc5 {[%emt 0:00:00] aiming for ...Bc4+.} 47. e5 Bc4+ {[%emt 0:00:00] Black mates.} 48. Ke3 {[%emt 0:00:00] [#]} Rxa1 $1 49. Rxa1 b3 50. Ra5+ Kb4 {[%emt 0:00:00] Weighted Error Value: White=0.47/Black=0.16 (very precise) .  Mistake:       	White=6     	Black=2      Inaccurate:     	White=5     	Black=1      OK:         	White=11    	Black=19     Best:        	White=2     	Black=5} 0-1

[Event "21st Bangkok CC Open 2024"]
[Site "Bangkok"]
[Date "2024.04.15"]
[Round "3.4"]
[White "Xie, Felix"]
[Black "Makhnev, Denis"]
[Result "1/2-1/2"]
[ECO "E11"]
[WhiteElo "2291"]
[BlackElo "2516"]
[Annotator "TA"]
[PlyCount "66"]
[EventDate "2024.04.13"]
[EventType "swiss"]
[EventCountry "THA"]
[SourceTitle "playchess.com"]
[Source "ChessBase"]
[SourceQuality "1"]
[TimeControl "40/5400+30:1800+30"]

1. d4 Nf6 2. c4 e6 3. Nf3 d5 4. g3 Bb4+ 5. Bd2 Be7 6. Bg2 O-O 7. O-O Nbd7 8. Qc2 Ne4 9. Nc3 Nxd2 10. Nxd2 {[%emt 0:00:07] White has an edge.} c6 11. e3 a5 12. a3 f5 13. Rab1 Nf6 14. Nf3 Ne4 15. b4 Nd6 16. cxd5 cxd5 17. Nd2 axb4 18. axb4 Bd7 19. Rfc1 Kh8 20. b5 g5 21. Bf1 f4 22. e4 Rc8 ({Better is} 22... g4 $15) 23. Qb2 $11 fxg3 24. hxg3 Qe8 $1 25. exd5 Qf7 26. Nb3 $1 exd5 {[%emt 0:01:11] Threatens to win with ...Bg4.} 27. Bg2 $1 Nxb5 (27... Bf5 {looks sharper.} 28. Bxd5 Qh5 29. Re1 Bxb1 30. Rxe7 Bf5) 28. Bxd5 Qf6 ({Black should play} 28... Qf5 $11 29. Be4 Qg4 30. Nxb5 Rxc1+ (30... Qxe4 31. Nc5 $16) 31. Rxc1 Qxe4 (31... Bxb5 32. Nc5 $16)) 29. Nxb5 $14 (29. Bxb7 $2 {loses.} Rxc3 30. Rxc3 Nxc3 $19) 29... Bxb5 {[%emt 0:00:05] A strong pair of Bishops.} 30. Rxc8 ({Don't play} 30. Bxb7 Rb8 31. Be4 Ba3 $11) 30... Rxc8 31. Nc5 ({White should try} 31. Bxb7 $14 Rb8 32. Be4) 31... Bxc5 $11 {[%emt 0:00:54] The position is equal.} 32. dxc5 Qxb2 33. Rxb2 Rxc5 {[%emt 0:00:07] Weighted Error Value: White=0.12 (very precise) /Black=0.14 (very precise) .  Mistake:       	White=1     	Black=2      Inaccurate:     	White=3     	Black=1      OK:         	White=3     	Black=9      Best:        	White=3     	Black=1      Strong:       	White=2     	Black=1} 1/2-1/2

[Event "21st Bangkok CC Open 2024"]
[Site "Bangkok"]
[Date "2024.04.15"]
[Round "3.5"]
[White "Manon, Reja Neer"]
[Black "Lalit Babu M R"]
[Result "1-0"]
[ECO "C78"]
[WhiteElo "2285"]
[BlackElo "2508"]
[Annotator "TA"]
[PlyCount "139"]
[EventDate "2024.04.13"]
[EventType "swiss"]
[EventCountry "THA"]
[SourceTitle "playchess.com"]
[Source "ChessBase"]
[SourceQuality "1"]
[TimeControl "40/5400+30:1800+30"]

1. e4 e5 2. Nf3 Nc6 3. Bb5 a6 4. Ba4 Nf6 5. O-O Bc5 6. c3 b5 7. Bb3 d6 8. d4 Bb6 9. dxe5 Nxe5 10. Nxe5 dxe5 11. Qxd8+ Kxd8 12. Bxf7 Bb7 13. Bg5 Rf8 14. Bd5 Bxd5 15. exd5 Kd7 16. Bxf6 $1 gxf6 17. Na3 f5 18. Rfe1 Kd6 19. Rad1 e4 20. Kf1 Rae8 (20... Rad8 $14 {feels stronger.}) 21. b4 $1 $16 Kd7 22. c4 bxc4 23. Nxc4 Ba7 24. f4 exf3 25. Ne5+ (25. gxf3 $16 Rxe1+ 26. Rxe1) 25... Kd6 $1 $11 26. Nc4+ (26. Nxf3 $11 Kd7 27. Ne5+ Kc8 28. d6 cxd6 29. Rxd6) 26... Kd7 $16 27. gxf3 f4 28. Rxe8 Rxe8 29. Re1 Be3 30. Nxe3 fxe3 31. Ke2 Kd6 ({Better is} 31... Rb8) 32. Rd1 $16 Re5 (32... Rb8 $16) 33. Rd4 Rh5 34. h4 ({Less strong is} 34. Kxe3 Rxh2 35. a4 Rh1 $14) 34... Re5 35. a3 Kd7 (35... h6 {might work better.} 36. a4 h5) 36. a4 $18 Kd6 37. Rd3 $2 (37. a5 $1 $18) 37... Rh5 $11 38. Rd4 $2 (38. Rxe3 $11 Rxh4 39. Rc3 (39. Re4 Rh2+ 40. Ke3 Kxd5 $11)) 38... Re5 $18 39. a5 $1 Kd7 40. Rd3 Rh5 41. Rd4 ({Don't do} 41. Rxe3 $6 Rxh4 42. Re6 Rxb4 $14) (41. Ra3 $16) 41... Re5 $18 42. Rg4 Rxd5 43. Kxe3 Rh5 44. Kf4 Kd6 (44... Rb5 $142) 45. Kg3 $1 $18 Rb5 46. Rd4+ $1 Ke6 {[%emt 0:00:30] [#]} 47. Rc4 $1 Kd6 48. f4 Rd5 49. Kg4 h5+ 50. Kf3 Rd3+ 51. Ke4 Rh3 52. Kf5 Rxh4 {[%emt 0:00:13] [#]} 53. Kg5 $2 (53. Rd4+ $1 $18 Ke7 54. Re4+ Kd6 55. b5 axb5 56. a6) 53... Rg4+ $2 (53... Rh1 $14) 54. Kxh5 $18 Rg1 $2 (54... Rg8 55. Rc1 Rg2) 55. Re4 $18 Kd5 56. Re7 $2 (56. Re5+ $18 Kc4 57. f5) 56... Kc4 $11 57. Re6 Kxb4 58. Rxa6 Kb5 59. Ra8 Kc6 $2 (59... Rh1+ $11 60. Kg5 Rg1+ 61. Kf6 c5) 60. a6 $18 Kd7 $2 (60... Rf1 $18) 61. f5 Ke7 62. a7 Ra1 63. Kg4 Ra4+ 64. Kf3 Ra5 65. Ke4 Kf7 66. Kd4 Ke7 67. Kc4 Ra1 68. Kb5 Kd7 69. f6 Rb1+ 70. Kc4 1-0

[Event "21st Bangkok CC Open 2024"]
[Site "Bangkok"]
[Date "2024.04.15"]
[Round "3.6"]
[White "Das, Sayantan"]
[Black "Anustoop Biswas"]
[Result "1-0"]
[ECO "B12"]
[WhiteElo "2507"]
[BlackElo "2284"]
[Annotator "TA"]
[PlyCount "41"]
[EventDate "2024.04.13"]
[EventType "swiss"]
[EventCountry "THA"]
[SourceTitle "playchess.com"]
[Source "ChessBase"]
[SourceQuality "1"]
[TimeControl "40/5400+30:1800+30"]

1. e4 c6 2. d4 d5 3. e5 Bf5 4. h4 h5 5. Bd3 Bxd3 6. Qxd3 Qa5+ 7. b4 Qxb4+ 8. Nd2 {[%emt 0:00:09][%cal Oe5e6,Bb1d2,Bd2f3,Bf3g5,Bg5e6][%mdl 32] The position is equal.} e6 9. Rb1 Qe7 10. Ne2 Nh6 11. c4 (11. Nf3 $1 $11) 11... Qd7 12. Ng3 g6 13. Nf3 Na6 14. O-O Be7 (14... dxc4 $11 15. Qxc4 b5) 15. Bg5 Bxg5 16. Nxg5 Rb8 $2 {[%emt 0:01:10][%mdl 8192] [#] This costs Black the game.} (16... Kf8 $14) 17. cxd5 $1 $18 Nc7 18. d6 {[%emt 0:04:48][%cal Og3e4] Threatens to win with N3e4!} Nd5 19. N3e4 {[%emt 0:00:53] aiming for Nc5.} O-O 20. Nc5 Qc8 {[%emt 0:00:01] [#]} (20... Qe8 21. Nxb7 (21. Rxb7 Rxb7 22. Nxb7 Nf5 $18) 21... Nf5) 21. Ngxe6 $1 {[%emt 0:01:21][%mdl 512] Weighted Error Value: White=0.09 (flawless) /Black=0.48.  Loses game:     	---       	Black=1      Mistake:       	White=1     	Black=2      Inaccurate:     	White=1     	Black=3      OK:         	White=4     	Black=3      Best:        	White=2     	Black=3      Strong:       	White=1     	---} 1-0

[Event "21st Bangkok CC Open 2024"]
[Site "Bangkok"]
[Date "2024.04.15"]
[Round "3.7"]
[White "Arca, Christian Gian Karlo"]
[Black "Sengupta, Deep"]
[Result "1/2-1/2"]
[ECO "D46"]
[WhiteElo "2283"]
[BlackElo "2500"]
[Annotator "RC"]
[PlyCount "202"]
[EventDate "2024.04.13"]
[EventType "swiss"]
[EventCountry "THA"]
[SourceTitle "playchess.com"]
[Source "ChessBase"]
[SourceQuality "1"]
[TimeControl "40/5400+30:1800+30"]

1. d4 Nf6 2. c4 c6 3. Nc3 d5 4. Nf3 e6 5. e3 Nbd7 6. Bd3 Bd6 7. O-O O-O 8. e4 dxc4 9. Bxc4 e5 10. Bg5 h6 11. Bh4 exd4 12. Qxd4 Bc5 13. Qd2 Ne5 14. Qxd8 Nxf3+ 15. gxf3 Rxd8 16. Rfd1 Re8 17. Bxf6 gxf6 18. Ne2 Kf8 19. Rd2 Ke7 20. Rad1 Rg8+ 21. Ng3 Bh3 22. f4 Bb6 23. Bf1 Bg4 24. Be2 Ba5 25. Rc2 Be6 26. b4 Bc7 27. f5 Bd7 28. Bc4 Rgd8 29. Rcd2 Be8 30. Nh5 a5 31. Rxd8 Rxd8 32. Rxd8 Bxd8 33. bxa5 Bxa5 34. f4 b5 35. Bb3 c5 36. Bd5 Bc7 37. Kf2 b4 38. Bc4 Ba4 39. Ke3 Bd1 40. Ng3 Bb6 41. Nh1 b3 42. axb3 Bxb3 43. Kd3 Ba4 44. Nf2 h5 45. Ke3 Ba5 46. Nd3 Bc2 47. Nc1 Bc3 48. Ne2 Bb2 49. Bd5 Bb1 50. h4 Ba3 51. Nc3 Bc1+ 52. Kf3 Bd3 53. Bb3 Kf8 54. Bd1 Kg7 55. Nd5 Bd2 56. Be2 Bb1 57. Bc4 Be1 58. Ne3 Kf8 59. Ng2 Bc3 60. Ne3 Be1 61. Ng2 Bc3 62. Ne3 Kg7 63. Nd5 Be1 64. Ke2 Ba5 65. Kf3 Bc2 66. Ne3 Ba4 67. Ke2 Bc3 68. Nf1 Be8 69. Kf2 Bb2 70. Ng3 Kh6 71. Ne2 Kg7 72. Ke3 Ba4 73. Kd2 Be8 74. Kc2 Ba3 75. Ng3 Kh6 76. e5 fxe5 77. fxe5 Bb4 78. f6 Be1 79. Nf5+ Kh7 80. Nd6 Ba4+ 81. Kd3 Bxh4 82. Nxf7 Kg6 83. Nh8+ Kf5 84. f7 Be7 85. Ke3 Bc2 86. Be2 h4 87. Bh5 Kg5 88. Bf3 h3 89. Kf2 c4 90. Kg3 c3 91. f8=Q Bxf8 92. Bd5 Kf5 93. Nf7 Be4 94. Nd6+ Bxd6 95. exd6 c2 96. d7 c1=Q 97. Bxe4+ Kxe4 98. d8=Q Qe3+ 99. Kh2 Kf3 100. Qf6+ Ke2 101. Qh4 Qf2+ 1/2-1/2

[Event "21st Bangkok CC Open 2024"]
[Site "Bangkok"]
[Date "2024.04.15"]
[Round "3.8"]
[White "Lim, Zhuo Ren"]
[Black "Srihari L R"]
[Result "0-1"]
[ECO "D17"]
[WhiteElo "2248"]
[BlackElo "2482"]
[Annotator "TA"]
[PlyCount "94"]
[EventDate "2024.04.13"]
[EventType "swiss"]
[EventCountry "THA"]
[SourceTitle "playchess.com"]
[Source "ChessBase"]
[SourceQuality "1"]
[TimeControl "40/5400+30:1800+30"]

1. d4 d5 2. Nf3 Nf6 3. c4 c6 4. Nc3 dxc4 5. a4 Bf5 6. Ne5 Nbd7 7. Nxc4 Qc7 8. Qd2 g6 9. Qf4 Qxf4 10. Bxf4 {[%emt 0:00:06] Black is slightly better.} Bg7 11. e3 O-O 12. Be2 Nd5 13. Bg3 Nb4 {[%emt 0:03:15] Hoping for ...Nc2+.} 14. O-O c5 15. d5 Bxc3 16. bxc3 Nxd5 17. Rfc1 b6 18. a5 b5 {[%emt 0:22:08] [#]} 19. e4 $1 Bxe4 $11 20. Nd2 Bf5 {[%emt 0:01:03] White must now prevent ...b4.} 21. Bxb5 N7f6 22. f3 Nh5 23. Bf2 {[%emt 0:01:03][%cal Og2g4] aiming for g4! A strong pair of Bishops.} Nhf4 24. Bf1 Rac8 25. Ne4 Bxe4 26. fxe4 Nf6 27. g3 (27. e5 $11 N6d5 28. g3) 27... Ne6 $15 28. Ra4 Ng5 (28... Rb8 $17 29. Bh3 Nd7) 29. Bg2 Ng4 30. h4 Ne6 31. Bh3 Nxf2 32. Kxf2 Rc6 33. Rb1 Rc7 34. Bxe6 fxe6+ $11 {[%emt 0:00:01][%mdl 4096] Endgame. KRR-KRR} 35. Ke2 Rd8 36. Rc4 e5 37. Rd1 (37. a6 $11) 37... Rxd1 $15 38. Kxd1 {[%emt 0:00:00] KR-KR} Kf7 39. Ra4 Ke6 40. Ra2 Rb7 41. Kc2 {[%emt 0:09:12] Prevents Rb1} Kd6 42. Kd3 {[%emt 0:05:00] [#]} (42. Ra1 $15) 42... Rb1 $1 $17 43. Kc4 {[%emt 0:00:10] [#]} Kc6 (43... Re1 $1 $17 44. Kb5 Rxe4 45. Rd2+ Ke6) 44. Rf2 $15 Re1 45. Kd3 Rg1 46. Rf3 ({White should try} 46. Rf7 $15) 46... Kb5 $17 47. h5 (47. Rf7 $17 {might work better.}) 47... gxh5 {[%emt 0:00:00] Weighted Error Value: White=0.16 (very precise) /Black=0.08 (flawless) .  Mistake:       	White=6     	Black=2      Inaccurate:     	White=2     	Black=3      OK:         	White=17    	Black=18     Best:        	---       	Black=3      Strong:       	---       	Black=1} ({Not} 47... Kxa5 48. Kc4 $15) 0-1

[Event "21st Bangkok CC Open 2024"]
[Site "Bangkok"]
[Date "2024.04.15"]
[Round "3.9"]
[White "Urazayev, Arystanbek"]
[Black "Karavade, Eesha"]
[Result "1/2-1/2"]
[ECO "B45"]
[WhiteElo "2471"]
[BlackElo "2265"]
[Annotator "ChessBase"]
[PlyCount "107"]
[EventDate "2024.04.13"]
[EventType "swiss"]
[EventCountry "THA"]
[SourceTitle "playchess.com"]
[Source "ChessBase"]
[SourceQuality "1"]
[TimeControl "40/5400+30:1800+30"]

1. e4 c5 2. Nf3 e6 3. d4 cxd4 4. Nxd4 Nc6 5. Nc3 Nf6 6. Be2 Bb4 7. O-O Bxc3 8. bxc3 Nxe4 9. Nxc6 dxc6 10. Bd3 Nc5 11. Qg4 O-O 12. Ba3 b6 13. Bxc5 bxc5 14. Rab1 g6 15. Qf4 e5 16. Qxe5 Qd5 17. Rfe1 c4 18. Bf1 Bf5 19. Qf4 Be6 20. h4 Rad8 21. Re3 Qd2 22. Rbe1 Qxc2 23. Bxc4 Bxc4 24. Qxc4 Rd2 25. Qf4 Rd1 26. Rxd1 Qxd1+ 27. Kh2 Qd5 28. c4 Qc5 29. Re5 Qd6 30. c5 Qd7 31. h5 f6 32. Re3 Qd5 33. hxg6 hxg6 34. Qh6 Qg5 35. Qxg5 fxg5 36. Kg3 Rf5 37. Ra3 Rxc5 38. Rxa7 Rc4 39. a4 Kf8 40. a5 Ra4 41. a6 c5 42. Kf3 c4 43. Ke4 c3+ 44. Kd3 Ra3 45. Kc2 Kg8 46. f3 Kf8 47. Kd3 Kg8 48. Ra8+ Kg7 49. a7 Kh7 50. Rc8 Rxa7 51. Rxc3 Kg7 52. Ke4 Ra2 53. g4 Ra4+ 54. Ke3 1/2-1/2

[Event "21st Bangkok CC Open 2024"]
[Site "Bangkok"]
[Date "2024.04.15"]
[Round "3.10"]
[White "Dinh Nho Kiet"]
[Black "Quizon, Daniel"]
[Result "1-0"]
[ECO "E90"]
[WhiteElo "2245"]
[BlackElo "2441"]
[Annotator "TA"]
[PlyCount "109"]
[EventDate "2024.04.13"]
[EventType "swiss"]
[EventCountry "THA"]
[SourceTitle "playchess.com"]
[Source "ChessBase"]
[SourceQuality "1"]
[TimeControl "40/5400+30:1800+30"]

1. d4 Nf6 2. c4 c5 3. d5 d6 4. Nc3 g6 5. e4 Bg7 6. Bd3 O-O 7. h3 e6 8. Nf3 exd5 9. exd5 Re8+ 10. Be3 a6 11. O-O Nbd7 12. Bf4 Nf8 (12... b5 $11 {remains equal.}) 13. Qd2 {[%emt 0:01:09] White is better.} b6 14. Rfe1 Bb7 15. Rxe8 Nxe8 16. Re1 Qd7 17. Ne4 (17. b3 $142) 17... f5 $16 18. Ng3 Bf6 $2 {[%emt 0:07:38] [#] Against Nh4} (18... Nf6 $16 {was called for.}) 19. b4 $2 (19. Bg5 $1 $18 {and the rest is easy.}) 19... a5 (19... cxb4 $16 20. Qxb4 Qc7) 20. bxc5 bxc5 21. Bg5 {[%emt 0:30:33][%cal Oe1e8] And now Rxe8! would win.} Qg7 22. Bxf6 (22. Bh6 $18 Qd7 23. h4) 22... Qxf6 23. Bc2 Ng7 24. Ba4 Ra7 25. Qf4 {[%emt 0:00:00] Black must now prevent Ne4.} Qd8 26. Rb1 {[%emt 0:00:00] White has more active pieces.} Ba6 27. Bc6 Re7 28. h4 $36 {[%emt 0:00:00][%mdl 2048] White is on the roll.} Rf7 29. Ng5 Re7 30. Nf3 Rf7 $1 31. a4 {[%emt 0:00:00] White stays focused until the end.} h5 (31... Qc7 $16 32. Ng5 Re7) 32. Ng5 $18 Re7 33. Nf1 Qc7 34. Ne3 Re5 {[%emt 0:00:04] Black is weak on the light squares} (34... Ne8 {might work better.} 35. Bxe8 Rxe8) 35. Qf3 Qd8 36. g3 Qc7 37. Qd1 Nh7 38. Qb3 {[%emt 0:01:38] Hoping for Qb8+.} Qe7 {[%emt 0:00:01] [#]} 39. Ne6 Nxe6 (39... Nf8 40. Ng5) 40. dxe6 Kg7 41. Bd5 {[%emt 0:31:33] aiming for Qb6.} Nf6 42. Qb8 {[%emt 0:00:00] Prevents Bc8.} f4 43. gxf4 Rxe3 44. fxe3 {[%emt 0:00:00] Qb6 is the strong threat.} Ng4 45. Qb2+ Kh7 46. Qg2 Bc8 $2 {[%emt 0:00:00] [#]} (46... Qxh4 47. e4 Kh6) 47. f5 $1 gxf5 (47... Qxh4 48. fxg6+) 48. Qf3 Kg6 49. Qf4 {[%emt 0:00:00] Rb8 would now be deadly.} Qxh4 50. e4 (50. Qxd6 Qf2+ 51. Kh1 Qxe3 $11 (51... Qh4+ $2 52. Kg2 $18)) 50... Qh3 51. Qxf5+ {[%emt 0:00:00] White mates.} Kh6 52. Qf4+ Kg6 53. e7 ({Weaker is} 53. Qxd6 Qe3+ 54. Kg2 Qe2+ 55. Kg1 Qf2+ 56. Kh1 Kg7 $11) 53... Nf6 54. Rf1 ({And not} 54. Qxd6 Qe3+ 55. Kh1 Qf3+ 56. Kg1 Qe3+ 57. Kg2 Qe2+ 58. Kg1 Qe3+ $11) 54... Kh7 55. Rf3 {[%emt 0:00:00] Weighted Error Value: White=0.25 (precise) /Black=0.44.  Loses game:     	---       	Black=1      Missed win:     	White=1     	---        Mistake:       	White=2     	Black=5      Inaccurate:     	---       	Black=6      OK:         	White=12    	Black=11     Best:        	---       	Black=7      Strong:       	---       	Black=1} ({Inferior is} 55. Qxf6 Qg3+ 56. Kh1 Qh3+ 57. Kg1 Qg3+ 58. Kh1 Qh3+ 59. Kg1 $11) 1-0

[Event "21st Bangkok CC Open 2024"]
[Site "Bangkok"]
[Date "2024.04.19"]
[Round "4.1"]
[White "Chernyavsky, Alexander"]
[Black "Das, Sayantan"]
[Result "1-0"]
[ECO "D35"]
[WhiteElo "2354"]
[BlackElo "2507"]
[Annotator "TA"]
[PlyCount "91"]
[EventDate "2024.04.13"]
[EventType "swiss"]
[EventCountry "THA"]
[SourceTitle "playchess.com"]
[Source "ChessBase"]
[SourceQuality "1"]
[TimeControl "40/5400+30:1800+30"]

1. d4 d5 2. c4 e6 3. Nc3 Nf6 4. cxd5 exd5 5. Bg5 Bb4 6. e3 h6 7. Bh4 g5 8. Bg3 Ne4 9. Nge2 h5 {[%emt 0:00:34] White has an edge.} 10. h4 Bg4 11. Qb3 Nc6 12. Be5 (12. Bh2 $1 $14 Bxe2 13. Bxe2) 12... Nxe5 $11 13. dxe5 Qe7 14. Qxd5 Nc5 {[%emt 0:10:06] ...Rd8 would now be deadly.} 15. Nd4 c6 16. Nxc6 bxc6 17. Qxc6+ Kf8 18. Qxa8+ Kg7 19. Qc6 {[%emt 0:02:13] Qd6 is the strong threat.} Qxe5 20. Rc1 Rb8 (20... Rc8 $15 {stays ahead.} 21. Qb5 Rb8) 21. Bc4 $1 $16 Rc8 22. Qd5 Qxd5 23. Bxd5 {[%emt 0:00:04] Strongly threatening a3.} Nd3+ 24. Kd2 Nxb2 {[%emt 0:00:11] Threatens to win with ...Na4.} 25. f3 (25. hxg5 Na4 26. f3 Nxc3 $17 (26... Bxc3+ 27. Ke2 $16)) 25... Bd7 {[%emt 0:02:59] [#] White must now prevent ...Na4. A strong pair of Bishops.} 26. Bb3 (26. hxg5 $6 Na4 27. Rh4 Bxc3+ 28. Ke2 Bb5+ 29. Kf2 Rc5 $11) 26... Bb5 $2 (26... g4 $16) 27. hxg5 $18 Nd3 28. Rc2 Rd8 29. Rh4 ({And not} 29. Rxh5 Nf4+ 30. Kc1 Ba3+ (30... Nxh5 $2 31. Nxb5 Rd7 32. Nd4 $18) 31. Rb2 (31. Kb1 $2 Nxh5 32. Ka1 Bd3 $19) 31... Bxb2+ 32. Kxb2 Nxh5 33. Nxb5 Rd2+ 34. Kc3 Rxg2 $14) 29... Nf4+ 30. Kc1 Ba3+ 31. Kb1 Ng6 32. Rxh5 {[%emt 0:01:20] aiming for Bxf7.} (32. Nxb5 $2 {is a self mate.} Rd1+) 32... Bd3 {[%emt 0:00:18] [#]} 33. f4 Rc8 $16 34. Nd5 ({White should try} 34. Nd1 $16) 34... Rc5 $2 (34... a5 $11) 35. Nf6 $1 $18 Ne7 $2 {[%emt 0:00:25] [#]} (35... Nf8 36. e4 Ne6) 36. e4 $1 {[%emt 0:01:39] Rh7+ would kill now. White is clearly winning.} Bxc2+ 37. Bxc2 Ng6 38. Rh7+ Kf8 39. g3 Rc3 40. f5 Ne7 41. Rh8+ Kg7 42. Rh1 Kf8 43. Bb3 {[%emt 0:00:00] And now Rh8+ would win.} Ng8 44. g4 Nxf6 45. gxf6 Ke8 46. Rd1 {[%emt 0:00:00] Weighted Error Value: White=0.18 (very precise) /Black=0.33.  Loses game:     	---       	Black=1      Mistake:       	White=3     	Black=3      Inaccurate:     	---       	Black=1      OK:         	White=12    	Black=16     Best:        	White=7     	Black=8      Strong:       	White=2     	---} 1-0

[Event "21st Bangkok CC Open 2024"]
[Site "Bangkok"]
[Date "2024.04.19"]
[Round "4.2"]
[White "Srihari L R"]
[Black "Manon, Reja Neer"]
[Result "1/2-1/2"]
[ECO "E65"]
[WhiteElo "2482"]
[BlackElo "2285"]
[Annotator "TA"]
[PlyCount "56"]
[EventDate "2024.04.13"]
[EventType "swiss"]
[EventCountry "THA"]
[SourceTitle "playchess.com"]
[Source "ChessBase"]
[SourceQuality "1"]
[TimeControl "40/5400+30:1800+30"]

1. c4 Nf6 2. Nf3 g6 3. Nc3 Bg7 4. g3 O-O 5. Bg2 d6 6. d4 c5 7. O-O Nc6 8. dxc5 dxc5 9. Bf4 Nd4 10. Be5 Nc6 11. Qxd8 Rxd8 12. Bc7 Re8 13. Ne5 {[%emt 0:07:42] White is slightly better.} Nd4 14. Nd3 Ne6 15. Be5 Nd7 16. Bxg7 Kxg7 17. Rfd1 Rb8 18. e3 b6 19. Bc6 Rd8 20. Nd5 Kf8 21. Rd2 (21. b3 $11) 21... Ba6 (21... Ng5 $17 {Threatens to win with ...Nf3+.} 22. Kg2 Ba6) 22. b3 $11 Rbc8 23. Ba4 Ng5 {[%emt 0:08:01] ...Nf3+ would now be deadly.} 24. Rdd1 {[%emt 0:04:01] [#]} (24. Bxd7 $1 $11 {remains equal.} Rxd7 (24... Nf3+ $2 25. Kg2 $19) 25. Rdd1 (25. Ne5 Rd6 $17)) 24... Bb7 (24... Nf6 $1 $17 25. Nxf6 exf6) 25. f4 {[%emt 0:04:48] The position is equal.} Ne4 26. Bxd7 Rxd7 27. Nf2 $1 Nxf2 28. Kxf2 Bxd5 {[%emt 0:01:25] Weighted Error Value: White=0.21 (precise) /Black=0.24 (precise) .  Mistake:       	White=2     	Black=2      Inaccurate:     	White=1     	Black=1      OK:         	White=7     	Black=7      Strong:       	White=1     	---} 1/2-1/2